[Event "EYCC Open-U12 2019"]
[Site "Bratislava"]
[Date "2019.08.09"]
[Round "8.33"]
[White "Ivanov, Svetlen"]
[Black "Cnejev, Vladimir-Alexandru"]
[Result "0-1"]
[ECO "D35"]
[WhiteElo "1717"]
[BlackElo "1907"]
[Annotator "NA"]
[PlyCount "85"]
[EventDate "2019.08.02"]
[EventType "swiss"]
[EventCountry "SVK"]
[SourceTitle "playchess.com"]
[Source "ChessBase"]
[SourceQuality "1"]
[TimeControl "40/5400+30:1800+30"]

1. d4 d5 2. c4 e6 3. Nc3 Nf6 4. cxd5 exd5 5. Bg5 c6 6. e3 Bf5 7. Qf3 Bg6 8. Bxf6 Qxf6 9. Qxf6 gxf6 10. Nf3 Nd7 11. Nh4 Nb6 12. Ne2 Bb4+ 13. Kd1 Nc4 14. Nxg6 hxg6 15. Kc2 a5 16. Nf4 Nb6 17. Be2 Bd6 18. Nd3 a4 19. h4 Kf8 20. h5 Kg7 21. Rh3 Nd7 22. Rah1 b6 23. Bg4 f5 24. Bf3 Nf6 25. Be2 c5 26. hxg6 Rxh3 27. Rxh3 fxg6 28. Ne5 Rc8 29. Kd1 Ne4 30. Rf3 a3 31. bxa3 Nc3+ 32. Kd2 cxd4 33. exd4 Bxa3 34. Bd3 Bb4 35. Ke3 Nd1+ 36. Kf4 Bd2+ 37. Kg3 Ra8 38. Bc2 Nc3 39. Bb3 Ne2+ 40. Kh2 Rh8+ 41. Rh3 Ra8 42. Rf3 Nxd4 43. Rd3 0-1

[Event "EYCC Open-U12 2019"]
[Site "Bratislava"]
[Date "2019.08.09"]
[Round "8.34"]
[White "Werner, Hong Quan Dan"]
[Black "Stevanovic, Jovan"]
[Result "0-1"]
[ECO "B56"]
[WhiteElo "1734"]
[BlackElo "1783"]
[Annotator "NA"]
[PlyCount "98"]
[EventDate "2019.08.02"]
[EventType "swiss"]
[EventCountry "SVK"]
[SourceTitle "playchess.com"]
[Source "ChessBase"]
[SourceQuality "1"]
[TimeControl "40/5400+30:1800+30"]

1. e4 c5 2. Nf3 d6 3. d4 cxd4 4. Nxd4 Nf6 5. Nc3 Nc6 6. f3 e5 7. Nb3 Be7 8. Be3 Be6 9. Nd5 Bxd5 10. exd5 Nb4 11. c4 a5 12. Qd2 b6 13. Qf2 Nd7 14. a3 Na6 15. Be2 O-O 16. O-O a4 17. Nd2 Nac5 18. Rae1 f5 19. f4 e4 20. Nb1 Bf6 21. Bd4 Nb3 22. Bc3 Ndc5 23. Qe3 Qe7 24. Nd2 Bxc3 25. Qxc3 Nxd2 26. Qxd2 Qf6 27. Rb1 Nb3 28. Qe3 Rfc8 29. Rfd1 Rc5 30. g4 g6 31. gxf5 Qxf5 32. h3 Rf8 33. Rf1 Qf6 34. Rbd1 Qe7 35. Kh1 Kh8 36. Rde1 Rc7 37. Bd1 Nc5 38. Bc2 Qg7 39. Rb1 Rcf7 40. b4 axb3 41. Bxb3 Qh6 42. Bc2 Rxf4 43. Qc3+ Kg8 44. Rxf4 Qxf4 45. Qe1 Qf3+ 46. Kg1 Rf5 47. Qh4 Qe3+ 48. Kh1 Qf3+ 49. Kg1 Rf8 0-1

[Event "EYCC Open-U12 2019"]
[Site "Bratislava"]
[Date "2019.08.09"]
[Round "8.35"]
[White "Codreanu, Marius"]
[Black "Andreev, Konstantin"]
[Result "0-1"]
[ECO "B30"]
[WhiteElo "1834"]
[BlackElo "2271"]
[Annotator "NA"]
[PlyCount "68"]
[EventDate "2019.08.02"]
[EventType "swiss"]
[EventCountry "SVK"]
[SourceTitle "playchess.com"]
[Source "ChessBase"]
[SourceQuality "1"]
[TimeControl "40/5400+30:1800+30"]

1. e4 c5 2. Nf3 Nc6 3. Bb5 e6 4. Bxc6 bxc6 5. O-O Ne7 6. Re1 Ng6 7. e5 Be7 8. c4 f6 9. h4 O-O 10. g3 Nxe5 11. Nxe5 fxe5 12. Rxe5 d6 13. Re3 e5 14. d3 Qe8 15. Rf3 Bf5 16. Nc3 Qg6 17. Bg5 Bxg5 18. hxg5 Qxg5 19. Qa4 Bg4 20. Rxf8+ Rxf8 21. f4 exf4 22. Ne4 Qh5 23. Qxc6 Bf3 24. Qd5+ Qxd5 25. cxd5 Bxe4 26. dxe4 fxg3 27. a3 Rb8 28. Rc1 Rxb2 29. e5 Rd2 30. exd6 Rxd5 31. a4 Kf7 32. Kg2 Ke6 33. Rb1 Rxd6 34. Kxg3 c4 0-1

[Event "EYCC Open-U12 2019"]
[Site "Bratislava"]
[Date "2019.08.09"]
[Round "8.36"]
[White "Dudarev, Vladislav"]
[Black "Janeczko, Jakub"]
[Result "1/2-1/2"]
[ECO "A22"]
[WhiteElo "2137"]
[BlackElo "1663"]
[Annotator "NA"]
[PlyCount "91"]
[EventDate "2019.08.02"]
[EventType "swiss"]
[EventCountry "SVK"]
[SourceTitle "playchess.com"]
[Source "ChessBase"]
[SourceQuality "1"]
[TimeControl "40/5400+30:1800+30"]

1. c4 e5 2. Nc3 Nf6 3. g3 c6 4. Nf3 e4 5. Nd4 d5 6. cxd5 Bc5 7. Nb3 Bb6 8. Bg2 cxd5 9. d3 e3 10. Bxe3 Bxe3 11. fxe3 O-O 12. O-O Re8 13. Qd2 Nc6 14. Kh1 h5 15. e4 dxe4 16. Nxe4 Nxe4 17. Bxe4 Bh3 18. Rf2 Ne5 19. Qf4 g5 20. Qf6 Qxf6 21. Rxf6 Kg7 22. Rf2 Ng4 23. Rf3 Ne5 24. Rf2 Ng4 25. Rf5 Ne5 26. g4 Bxg4 27. Rf2 Re7 28. Rc1 Rc8 29. Rxc8 Bxc8 30. Nd4 Ng4 31. Rf1 Nf6 32. Bf5 Re8 33. Bxc8 Rxc8 34. Nf5+ Kf8 35. Nd6 Rc6 36. Rxf6 Ke7 37. Rxf7+ Kxd6 38. Rxb7 Rc2 39. e3 h4 40. h3 Re2 41. Rxa7 Rxe3 42. Ra3 Rxh3+ 43. Kg2 Rg3+ 44. Kf2 g4 45. Rc3 Rf3+ 46. Kg1 1/2-1/2

[Event "EYCC Open-U12 2019"]
[Site "Bratislava"]
[Date "2019.08.09"]
[Round "8.37"]
[White "Celik, Hasan Huseyin"]
[Black "Musaev, Matej Elbek"]
[Result "1-0"]
[ECO "D35"]
[WhiteElo "1903"]
[BlackElo "1693"]
[Annotator "NA"]
[PlyCount "53"]
[EventDate "2019.08.02"]
[EventType "swiss"]
[EventCountry "SVK"]
[SourceTitle "playchess.com"]
[Source "ChessBase"]
[SourceQuality "1"]
[TimeControl "40/5400+30:1800+30"]

1. d4 d5 2. c4 e6 3. cxd5 exd5 4. Nc3 Nf6 5. Bg5 Be7 6. e3 c6 7. Bd3 Nbd7 8. h3 O-O 9. Qc2 h6 10. Bf4 b5 11. Nf3 a5 12. O-O Ba6 13. Rfc1 Qb6 14. Qe2 Rfe8 15. Ne5 Rac8 16. Nxd7 Nxd7 17. Bxh6 Nf6 18. Bg5 Qb7 19. a4 Ne4 20. Bxe7 Nxc3 21. Rxc3 Rxe7 22. axb5 cxb5 23. Rxc8+ Qxc8 24. Bxb5 Bxb5 25. Qxb5 Rb7 26. Qxa5 Rxb2 27. Qxd5 1-0

[Event "EYCC Open-U12 2019"]
[Site "Bratislava"]
[Date "2019.08.09"]
[Round "8.38"]
[White "Aleksanyan, Davit"]
[Black "Foerster-Yialamas, Lucas"]
[Result "1-0"]
[ECO "B24"]
[WhiteElo "1797"]
[BlackElo "2028"]
[Annotator "NA"]
[PlyCount "99"]
[EventDate "2019.08.02"]
[EventType "swiss"]
[EventCountry "SVK"]
[SourceTitle "playchess.com"]
[Source "ChessBase"]
[SourceQuality "1"]
[TimeControl "40/5400+30:1800+30"]

1. e4 c5 2. Nc3 Nc6 3. d3 g6 4. g3 Bg7 5. Bg2 e6 6. Be3 d6 7. Qd2 Nd4 8. Nd1 Ne7 9. c3 Ndc6 10. Ne2 Ne5 11. h3 c4 12. Nc1 cxd3 13. Nxd3 Nc4 14. Qe2 Nxe3 15. Nxe3 Qc7 16. O-O O-O 17. Rad1 b6 18. e5 d5 19. Ng4 Nc6 20. Rfe1 Kh8 21. Qf3 Ba6 22. Qf4 h5 23. Nf6 Qe7 24. Nb4 Nxb4 25. cxb4 Rac8 26. Rd4 Rc4 27. Rxc4 Bxc4 28. g4 Rc8 29. gxh5 Bxf6 30. exf6 Qf8 31. hxg6 fxg6 32. Rxe6 Kg8 33. Re7 Bxa2 34. Rg7+ Qxg7 35. fxg7 Kxg7 36. Qe5+ Kh6 37. Bxd5 Rc1+ 38. Kh2 Bxd5 39. Qf4+ g5 40. Qxc1 Kh5 41. Qd1+ Kg6 42. Qxd5 a5 43. bxa5 bxa5 44. Qxa5 Kh5 45. Kg3 Kh6 46. Kg4 Kh7 47. Qc7+ Kh6 48. Kf5 g4 49. Qf7 gxh3 50. Qg6# 1-0

[Event "EYCC Open-U12 2019"]
[Site "Bratislava"]
[Date "2019.08.09"]
[Round "8.39"]
[White "Skreko, Igor"]
[Black "Tunsjo, Axel"]
[Result "0-1"]
[ECO "A25"]
[WhiteElo "1688"]
[BlackElo "2039"]
[Annotator "NA"]
[PlyCount "60"]
[EventDate "2019.08.02"]
[EventType "swiss"]
[EventCountry "SVK"]
[SourceTitle "playchess.com"]
[Source "ChessBase"]
[SourceQuality "1"]
[TimeControl "40/5400+30:1800+30"]

1. c4 e5 2. Nc3 Nc6 3. g3 Bc5 4. Bg2 d6 5. a3 a5 6. e3 h5 7. Nf3 Ba7 8. d4 exd4 9. exd4 Bg4 10. Be3 h4 11. h3 Bxf3 12. Qxf3 Bxd4 13. Bxd4 Nxd4 14. Qxb7 Rb8 15. Qe4+ Qe7 16. Qxe7+ Nxe7 17. Rb1 hxg3 18. fxg3 Kd7 19. O-O f6 20. g4 Ng6 21. b4 axb4 22. axb4 Nc2 23. b5 Ne3 24. Bc6+ Kd8 25. Rfe1 Nxc4 26. Re6 Nce5 27. Nd5 Nxc6 28. Ra1 Rxb5 29. Rc1 Rxd5 30. Rxc6 Kd7 0-1

[Event "EYCC Open-U12 2019"]
[Site "Bratislava"]
[Date "2019.08.09"]
[Round "8.40"]
[White "Lavrencic, Matic"]
[Black "Georgiev, Konstantin"]
[Result "0-1"]
[ECO "B31"]
[WhiteElo "1564"]
[BlackElo "1919"]
[Annotator "NA"]
[PlyCount "98"]
[EventDate "2019.08.02"]
[EventType "swiss"]
[EventCountry "SVK"]
[SourceTitle "playchess.com"]
[Source "ChessBase"]
[SourceQuality "1"]
[TimeControl "40/5400+30:1800+30"]

1. e4 c5 2. Nf3 Nc6 3. Bb5 g6 4. Bxc6 bxc6 5. O-O Bg7 6. Re1 d6 7. h3 e5 8. c3 Qb6 9. Na3 Be6 10. Ng5 Bd7 11. Qb3 Qxb3 12. axb3 h6 13. Nf3 Ne7 14. Nc4 Nc8 15. d3 O-O 16. Be3 f5 17. Nxd6 Nxd6 18. Bxc5 Nf7 19. Bxf8 Kxf8 20. Nh4 f4 21. Nxg6+ Kg8 22. Nh4 Bf6 23. Nf3 Kh7 24. Kh2 Ng5 25. Nxg5+ hxg5 26. f3 Kg6 27. Ra5 Be6 28. Ra6 Rc8 29. b4 g4 30. fxg4 Bh4 31. Re2 Rd8 32. Rd2 Bg3+ 33. Kg1 Rd6 34. b5 Bd7 35. b4 Be1 36. Rd1 Bxc3 37. bxc6 Bc8 38. Rxa7 Bd4+ 39. Kh2 Bxa7 40. b5 Bd4 41. Rb1 Bb6 42. Rb3 Kg5 43. Ra3 Kf6 44. Ra8 Rd8 45. Rb8 Bc7 46. Ra8 Ke6 47. Kg1 Kd6 48. Ra1 Bb6+ 49. Kf1 Kc5 0-1

[Event "EYCC Open-U12 2019"]
[Site "Bratislava"]
[Date "2019.08.09"]
[Round "8.41"]
[White "Ryabukhin, Roman"]
[Black "Paseka, Matyas"]
[Result "1/2-1/2"]
[ECO "D30"]
[WhiteElo "1445"]
[BlackElo "1917"]
[Annotator "NA"]
[PlyCount "102"]
[EventDate "2019.08.02"]
[EventType "swiss"]
[EventCountry "SVK"]
[SourceTitle "playchess.com"]
[Source "ChessBase"]
[SourceQuality "1"]
[TimeControl "40/5400+30:1800+30"]

1. d4 d5 2. c4 e6 3. Nf3 Nf6 4. g3 Bb4+ 5. Bd2 Be7 6. Bg2 O-O 7. O-O c6 8. Bc3 dxc4 9. Ne5 b5 10. Bxc6 Nxc6 11. Nxc6 Qc7 12. Nxe7+ Qxe7 13. Qe1 Rd8 14. a4 Qb7 15. axb5 Qxb5 16. Ra5 Qd7 17. Nd2 Bb7 18. f3 Rdc8 19. e4 a6 20. Qe3 Ne8 21. Rg5 f6 22. Rg4 Nd6 23. d5 e5 24. Rh4 Nb5 25. f4 Nxc3 26. Qxc3 exf4 27. Rhxf4 Qc7 28. Rc1 Qb6+ 29. Kg2 a5 30. Nxc4 Rxc4 31. Qxc4 Rc8 32. Qxc8+ Bxc8 33. Rxc8+ Kf7 34. Rf2 Qd4 35. Re2 g5 36. Rcc2 Qe5 37. Rcd2 Ke7 38. d6+ Kd7 39. Rd5 Qe6 40. Rd4 Qb3 41. Red2 g4 42. R4d3 Qb7 43. Kf2 Qb6+ 44. Kf1 Qb5 45. Ke1 Qc4 46. Rc3 Qxe4+ 47. Kd1 Qh1+ 48. Kc2 Qe4+ 49. Kc1 Qh1+ 50. Rd1 Qa8 51. Rc7+ Kd8 1/2-1/2

[Event "EYCC Open-U12 2019"]
[Site "Bratislava"]
[Date "2019.08.09"]
[Round "8.42"]
[White "Isaksson, Max"]
[Black "Asllani, Dorian"]
[Result "0-1"]
[ECO "B31"]
[WhiteElo "1695"]
[BlackElo "1718"]
[Annotator "NA"]
[PlyCount "54"]
[EventDate "2019.08.02"]
[EventType "swiss"]
[EventCountry "SVK"]
[SourceTitle "playchess.com"]
[Source "ChessBase"]
[SourceQuality "1"]
[TimeControl "40/5400+30:1800+30"]

1. e4 c5 2. Nf3 Nc6 3. Bb5 g6 4. Bxc6 dxc6 5. h3 e5 6. d3 f6 7. Be3 Be6 8. Nc3 Nh6 9. Qd2 Nf7 10. O-O b6 11. a3 a5 12. Qe2 Bg7 13. Rfd1 O-O 14. Na4 Rb8 15. Rab1 f5 16. b4 axb4 17. axb4 cxb4 18. Rxb4 c5 19. Rbb1 f4 20. Bd2 g5 21. Rb2 Bd7 22. Nc3 g4 23. hxg4 Bxg4 24. Rdb1 Ng5 25. Nd5 Nxf3+ 26. gxf3 Bh3 27. Kh2 Qh4 0-1

[Event "EYCC Open-U12 2019"]
[Site "Bratislava"]
[Date "2019.08.09"]
[Round "8.43"]
[White "De Reese, Elias"]
[Black "Shatil, Shir"]
[Result "1-0"]
[ECO "A40"]
[WhiteElo "1850"]
[BlackElo "1653"]
[Annotator "NA"]
[PlyCount "99"]
[EventDate "2019.08.02"]
[EventType "swiss"]
[EventCountry "SVK"]
[SourceTitle "playchess.com"]
[Source "ChessBase"]
[SourceQuality "1"]
[TimeControl "40/5400+30:1800+30"]

1. d4 e6 2. Bf4 Nf6 3. Nf3 d5 4. e3 c5 5. c3 Nc6 6. Nbd2 Bd6 7. Bg3 O-O 8. Bd3 b6 9. Ne5 Bb7 10. Ndf3 Ne7 11. Qb1 c4 12. Bc2 b5 13. Bh4 Ne4 14. O-O f6 15. a4 fxe5 16. dxe5 Bc5 17. Bxe4 dxe4 18. Ng5 Qd5 19. Bg3 a6 20. Rd1 Qc6 21. b4 Bb6 22. Rd6 Qc8 23. Rxb6 Bc6 24. axb5 axb5 25. Rxa8 Qxa8 26. Nxe6 Rc8 27. Nc5 Qa3 28. Qe1 Nd5 29. Ra6 Qxc3 30. Qxc3 Nxc3 31. Ra1 Nd5 32. Rb1 c3 33. Rc1 Ra8 34. Kf1 Ra2 35. Nxe4 c2 36. Ke2 Nxb4 37. Nc3 Ra8 38. e6 Na6 39. Rxc2 b4 40. Nb1 Bb5+ 41. Kf3 Bd3 42. Rb2 g5 43. Bd6 h5 44. e4 Rc8 45. Ke3 Bf1 46. g3 Rc4 47. f4 gxf4+ 48. gxf4 Rc6 49. e5 Bc4 50. Rg2+ 1-0

[Event "EYCC Open-U12 2019"]
[Site "Bratislava"]
[Date "2019.08.09"]
[Round "8.44"]
[White "Hagner, Bennet"]
[Black "Leal Prado, David Elias"]
[Result "1-0"]
[ECO "B19"]
[WhiteElo "1831"]
[BlackElo "1741"]
[Annotator "NA"]
[PlyCount "79"]
[EventDate "2019.08.02"]
[EventType "swiss"]
[EventCountry "SVK"]
[SourceTitle "playchess.com"]
[Source "ChessBase"]
[SourceQuality "1"]
[TimeControl "40/5400+30:1800+30"]

1. e4 c6 2. d4 d5 3. Nc3 dxe4 4. Nxe4 Bf5 5. Ng3 Bg6 6. h4 h6 7. Nf3 Nd7 8. h5 Bh7 9. Bd3 Bxd3 10. Qxd3 e6 11. Bd2 Ngf6 12. O-O-O Qc7 13. Kb1 O-O-O 14. c4 c5 15. Be3 cxd4 16. Bxd4 Kb8 17. Be5 Nxe5 18. Qxd8+ Qc8 19. Nxe5 Bb4 20. Nxf7 Rf8 21. Qxf8 Bxf8 22. Rd8 Bc5 23. f3 Bb6 24. Rxc8+ Kxc8 25. Ne4 Nd7 26. c5 Bc7 27. Ned6+ Kb8 28. b4 a6 29. Ne8 Bf4 30. Nxg7 e5 31. Rd1 Nf6 32. Ne6 b6 33. c6 e4 34. Rd8+ Ka7 35. Nxf4 exf3 36. gxf3 a5 37. b5 Nd5 38. Nxd5 a4 39. Nc7 a3 40. Ra8# 1-0

[Event "EYCC Open-U12 2019"]
[Site "Bratislava"]
[Date "2019.08.09"]
[Round "8.45"]
[White "Franc, Borna"]
[Black "Knudsen, Philip Uhre"]
[Result "1-0"]
[ECO "A25"]
[WhiteElo "1826"]
[BlackElo "1590"]
[Annotator "NA"]
[PlyCount "29"]
[EventDate "2019.08.02"]
[EventType "swiss"]
[EventCountry "SVK"]
[SourceTitle "playchess.com"]
[Source "ChessBase"]
[SourceQuality "1"]
[TimeControl "40/5400+30:1800+30"]

1. c4 e5 2. Nc3 Nc6 3. g3 Bc5 4. Bg2 d6 5. Nf3 f5 6. d3 Nf6 7. O-O O-O 8. e3 Qe8 9. a3 a5 10. Nb5 Bb6 11. d4 Qf7 12. Qc2 Nh5 13. Rb1 f4 14. Ng5 Qe7 15. Qxh7# 1-0

[Event "EYCC Open-U12 2019"]
[Site "Bratislava"]
[Date "2019.08.09"]
[Round "8.46"]
[White "Krawczyk, Flawian"]
[Black "Lazic, Emanuel"]
[Result "1-0"]
[ECO "B41"]
[WhiteElo "1848"]
[BlackElo "1449"]
[Annotator "NA"]
[PlyCount "53"]
[EventDate "2019.08.02"]
[EventType "swiss"]
[EventCountry "SVK"]
[SourceTitle "playchess.com"]
[Source "ChessBase"]
[SourceQuality "1"]
[TimeControl "40/5400+30:1800+30"]

1. e4 c5 2. Nf3 e6 3. d4 cxd4 4. Nxd4 a6 5. c4 Nf6 6. Nc3 Qc7 7. Be3 b6 8. Be2 Bb7 9. f3 Be7 10. O-O d6 11. Rc1 Nbd7 12. b3 Rc8 13. Qe1 O-O 14. Qf2 Qb8 15. Rfd1 Bd8 16. Bd3 Bc7 17. Qh4 Ne5 18. Bb1 Ng6 19. Qh3 Rfe8 20. Bg5 Nd7 21. f4 e5 22. Nf5 Nxf4 23. Qg3 Ng6 24. h4 h5 25. Qf3 f6 26. Qxh5 Kf7 27. Qh7 1-0

[Event "EYCC Open-U12 2019"]
[Site "Bratislava"]
[Date "2019.08.09"]
[Round "8.47"]
[White "Mekhane, Adam"]
[Black "Zakarian, Dimitrios Levon"]
[Result "1-0"]
[ECO "B43"]
[WhiteElo "2040"]
[BlackElo "1580"]
[Annotator "NA"]
[PlyCount "49"]
[EventDate "2019.08.02"]
[EventType "swiss"]
[EventCountry "SVK"]
[SourceTitle "playchess.com"]
[Source "ChessBase"]
[SourceQuality "1"]
[TimeControl "40/5400+30:1800+30"]

1. e4 c5 2. Nf3 e6 3. d4 cxd4 4. Nxd4 a6 5. Nc3 Qc7 6. Bd3 Nf6 7. f4 d6 8. Qe2 Nbd7 9. g4 Nc5 10. g5 Nfd7 11. Bd2 b5 12. f5 Nxd3+ 13. cxd3 Nc5 14. b4 Nb7 15. Rc1 Qd7 16. O-O Nd8 17. Nd5 exd5 18. exd5+ Be7 19. f6 Qg4+ 20. Qxg4 Bxg4 21. fxe7 Kxe7 22. Rc7+ Kf8 23. Bf4 h5 24. Bxd6+ Kg8 25. Nc6 1-0

[Event "EYCC Open-U12 2019"]
[Site "Bratislava"]
[Date "2019.08.09"]
[Round "8.48"]
[White "Fizer, Marek"]
[Black "Stevik, Patrik"]
[Result "1-0"]
[ECO "B06"]
[WhiteElo "1624"]
[BlackElo "1941"]
[Annotator "NA"]
[PlyCount "103"]
[EventDate "2019.08.02"]
[EventType "swiss"]
[EventCountry "SVK"]
[SourceTitle "playchess.com"]
[Source "ChessBase"]
[SourceQuality "1"]
[TimeControl "40/5400+30:1800+30"]

1. e4 g6 2. d4 Bg7 3. Nf3 d6 4. Bc4 a6 5. Qe2 b5 6. Bd3 Bb7 7. O-O Nd7 8. Nbd2 c5 9. c3 e6 10. a4 b4 11. Nc4 Qc7 12. e5 dxe5 13. dxe5 Ne7 14. Nd6+ Kf8 15. Bf4 Nd5 16. Bg3 bxc3 17. bxc3 Nxc3 18. Qb2 Bxf3 19. Qxc3 Bd5 20. Rac1 h5 21. f4 Qc6 22. Qc2 h4 23. Be1 Rb8 24. Bxg6 h3 25. g3 Bb3 26. Qe4 Bd5 27. Qc2 Bb3 28. Qe4 Bd5 29. Qc2 Rb3 30. Nxf7 Qb6 31. a5 Qb7 32. Nd6 Qb8 33. Rb1 Ke7 34. Rxb3 Bxb3 35. Qd2 Rf8 36. g4 Nxe5 37. fxe5 Bxe5 38. Bh4+ Kd7 39. Rxf8 Qxf8 40. Nf7+ Bd4+ 41. Bf2 Qg7 42. Bxd4 cxd4 43. Qb4 Bd5 44. Qd6+ Kc8 45. Qxa6+ Kb8 46. Qb6+ Ka8 47. Qd8+ Kb7 48. Nd6+ Ka7 49. Nb5+ Kb7 50. Qb6+ Kc8 51. Nd6+ Kd7 52. Qa7+ 1-0

[Event "EYCC Open-U12 2019"]
[Site "Bratislava"]
[Date "2019.08.09"]
[Round "8.49"]
[White "Aasen, Fredrik"]
[Black "Culum, Sanjin"]
[Result "0-1"]
[ECO "A20"]
[WhiteElo "1606"]
[BlackElo "1912"]
[Annotator "NA"]
[PlyCount "58"]
[EventDate "2019.08.02"]
[EventType "swiss"]
[EventCountry "SVK"]
[SourceTitle "playchess.com"]
[Source "ChessBase"]
[SourceQuality "1"]
[TimeControl "40/5400+30:1800+30"]

1. c4 e5 2. g3 Nf6 3. Bg2 Nc6 4. Nc3 Bc5 5. a3 a5 6. e3 O-O 7. Nge2 Re8 8. d3 d6 9. h3 Bb6 10. b3 Be6 11. O-O d5 12. Bb2 Qd7 13. Kh2 Rad8 14. Qc2 d4 15. exd4 exd4 16. Na4 Bf5 17. Rfe1 Ne5 18. Nxb6 cxb6 19. Rad1 Bxh3 20. Bxh3 Nf3+ 21. Kg2 Qc6 22. Kf1 Nxe1 23. Kxe1 Qf3 24. Bf1 Ng4 25. Kd2 Nxf2 26. Ra1 Qe3+ 27. Ke1 Nxd3+ 28. Kd1 Nxb2+ 29. Qxb2 d3 0-1

[Event "EYCC Open-U12 2019"]
[Site "Bratislava"]
[Date "2019.08.09"]
[Round "8.50"]
[White "Kolani, Arjun"]
[Black "Rotunno, Flavio"]
[Result "1-0"]
[ECO "B39"]
[WhiteElo "1699"]
[BlackElo "1819"]
[Annotator "NA"]
[PlyCount "63"]
[EventDate "2019.08.02"]
[EventType "swiss"]
[EventCountry "SVK"]
[SourceTitle "playchess.com"]
[Source "ChessBase"]
[SourceQuality "1"]
[TimeControl "40/5400+30:1800+30"]

1. e4 c5 2. Nf3 Nc6 3. d4 cxd4 4. Nxd4 g6 5. c4 Bg7 6. Be3 Nf6 7. Nc3 Ng4 8. Qxg4 Nxd4 9. Qd1 e5 10. Be2 O-O 11. O-O d6 12. Qd2 a6 13. Rac1 Be6 14. Nd5 Rc8 15. b3 Bxd5 16. cxd5 Qd7 17. Bd3 f5 18. Bxd4 exd4 19. exf5 gxf5 20. Rxc8 Rxc8 21. Qg5 Rf8 22. Re1 Rf6 23. Re6 h6 24. Qh4 Rxe6 25. dxe6 Qxe6 26. Qd8+ Kh7 27. g4 Bf6 28. Qf8 Qe1+ 29. Kg2 Kg6 30. Bxf5+ Kg5 31. h4+ Kf4 32. Qxf6 1-0

[Event "EYCC Open-U12 2019"]
[Site "Bratislava"]
[Date "2019.08.09"]
[Round "8.51"]
[White "Vilimek, Vit"]
[Black "Aasen, Joakim"]
[Result "0-1"]
[ECO "B34"]
[WhiteElo "1523"]
[BlackElo "1718"]
[Annotator "NA"]
[PlyCount "80"]
[EventDate "2019.08.02"]
[EventType "swiss"]
[EventCountry "SVK"]
[SourceTitle "playchess.com"]
[Source "ChessBase"]
[SourceQuality "1"]
[TimeControl "40/5400+30:1800+30"]

1. e4 c5 2. Nf3 Nc6 3. d4 cxd4 4. Nxd4 g6 5. Nc3 Bg7 6. Be3 Nf6 7. f3 O-O 8. Qd2 d5 9. O-O-O Nxd4 10. Bxd4 dxe4 11. Bxf6 Qxd2+ 12. Rxd2 exf6 13. f4 f5 14. Nd5 Be6 15. Nc7 Rad8 16. Nxe6 fxe6 17. Bc4 Bxb2+ 18. Kd1 Rxd2+ 19. Kxd2 Rd8+ 20. Ke2 Rd6 21. Rd1 Rc6 22. Rd8+ Kf7 23. Bb3 Rc7 24. Rd6 Re7 25. g3 Ba3 26. Rd8 Bc5 27. Rc8 b6 28. Rh8 Kg7 29. Ra8 Bg1 30. h3 h5 31. Kf1 Be3 32. Ke2 Bc1 33. Bc4 h4 34. g4 fxg4 35. hxg4 h3 36. Kf2 h2 37. Kg2 Bxf4 38. Be2 Rd7 39. g5 e5 40. Bg4 Rc7 0-1

[Event "EYCC Open-U12 2019"]
[Site "Bratislava"]
[Date "2019.08.09"]
[Round "8.52"]
[White "Cherniaev, Danil"]
[Black "Gschiel, Alexander"]
[Result "0-1"]
[ECO "A50"]
[WhiteElo "1513"]
[BlackElo "1768"]
[Annotator "NA"]
[PlyCount "76"]
[EventDate "2019.08.02"]
[EventType "swiss"]
[EventCountry "SVK"]
[SourceTitle "playchess.com"]
[Source "ChessBase"]
[SourceQuality "1"]
[TimeControl "40/5400+30:1800+30"]

1. d4 Nf6 2. c4 c6 3. Nc3 d5 4. cxd5 cxd5 5. Bf4 Qb6 6. Qd2 Nc6 7. e3 Bf5 8. Bd3 Bxd3 9. Qxd3 e6 10. Nge2 Be7 11. O-O O-O 12. a3 Na5 13. b4 Nc4 14. Na4 Qb5 15. Nec3 Qd7 16. Nc5 Bxc5 17. bxc5 Nh5 18. Bg5 b6 19. Qe2 g6 20. Bh6 Rfc8 21. g4 Ng7 22. e4 bxc5 23. exd5 exd5 24. dxc5 Rxc5 25. Rfd1 Qe6 26. Qf3 Ne5 27. Qe3 Rac8 28. Na4 Rc4 29. Nb2 Rxg4+ 30. Kf1 Nf5 31. Qb3 Nxh6 32. Rxd5 Rd4 33. Rd1 Rxd5 34. Rxd5 Nhg4 35. Qd1 Qf6 36. Qe2 Qg5 37. h3 Nh2+ 38. Ke1 Qg1+ 0-1

[Event "EYCC Open-U12 2019"]
[Site "Bratislava"]
[Date "2019.08.09"]
[Round "8.53"]
[White "Grishin, Petr E."]
[Black "Gudmundsson, Gunnar Erik"]
[Result "1/2-1/2"]
[ECO "A15"]
[WhiteElo "1506"]
[BlackElo "1746"]
[Annotator "NA"]
[PlyCount "97"]
[EventDate "2019.08.02"]
[EventType "swiss"]
[EventCountry "SVK"]
[SourceTitle "playchess.com"]
[Source "ChessBase"]
[SourceQuality "1"]
[TimeControl "40/5400+30:1800+30"]

1. c4 Nf6 2. g3 e5 3. Bg2 c6 4. Nf3 Qc7 5. Nc3 d5 6. cxd5 cxd5 7. d4 e4 8. Ne5 Bd6 9. Bf4 O-O 10. O-O Qe7 11. Qb3 Be6 12. Nb5 Ne8 13. Nxd6 Nxd6 14. Qa3 Rd8 15. h3 h5 16. g4 Qf6 17. e3 hxg4 18. hxg4 a6 19. Rac1 Nb5 20. Qb4 Nd7 21. a4 Na7 22. Qxb7 Nxe5 23. Bxe5 Qg5 24. Bc7 Re8 25. Qxa6 Bxg4 26. Bf4 Qh5 27. Rfe1 Bf3 28. Qb7 Bxg2 29. Kxg2 Qf3+ 30. Kg1 Re6 31. Qxa8+ Kh7 32. Qb8 Rg6+ 33. Bg3 Rh6 34. Bh2 Rg6+ 35. Qg3 Rxg3+ 36. Bxg3 Qf6 37. Rc7 Nc6 38. Rc1 Na5 39. b4 Nc4 40. a5 Kg8 41. Ra1 Qa6 42. Rc5 Nd2 43. b5 Qe6 44. Kh2 Qg4 45. Rxd5 f5 46. b6 Qh5+ 47. Kg2 Qf3+ 48. Kg1 Qh5 49. Kg2 1/2-1/2

[Event "EYCC Open-U12 2019"]
[Site "Bratislava"]
[Date "2019.08.09"]
[Round "8.54"]
[White "Snitsarenko, Igor"]
[Black "Prazak, Daniel"]
[Result "1-0"]
[ECO "C17"]
[WhiteElo "1481"]
[BlackElo "1586"]
[Annotator "NA"]
[PlyCount "69"]
[EventDate "2019.08.02"]
[EventType "swiss"]
[EventCountry "SVK"]
[SourceTitle "playchess.com"]
[Source "ChessBase"]
[SourceQuality "1"]
[TimeControl "40/5400+30:1800+30"]

1. e4 e6 2. d4 d5 3. Nc3 Bb4 4. e5 c5 5. a3 Ba5 6. Bd2 cxd4 7. Nb5 Bc7 8. Nf3 Nc6 9. Bf4 Nge7 10. Nbxd4 Nxd4 11. Qxd4 h6 12. Bd3 Nc6 13. Qe3 Bb6 14. Qd2 Qc7 15. h4 Bd7 16. O-O Nd4 17. Nh2 a6 18. Ng4 Nc6 19. Rfe1 h5 20. Ne3 Bxe3 21. Qxe3 Ne7 22. Rac1 b5 23. Qg3 g6 24. Bg5 Bc8 25. Bf6 Rf8 26. b3 Nf5 27. Bxf5 exf5 28. Qd3 Be6 29. a4 Qc5 30. Red1 Rc8 31. c4 bxc4 32. Rxc4 Qxc4 33. bxc4 Rxc4 34. Qa3 Rc7 35. Qd6 1-0